 Dungeon Crawl Stone Soup version 0.29.0-11-gd7f09526c8 (webtiles) character file.

Game seed: 2667449271956826358

102 xian the Gusty (level 4, -1/24 HPs)
             Began as a Tengu Air Elementalist on Sept 3, 2022.
             Slain by a lemure (7 damage)
             ... led by Pikel
             ... on level 4 of the Dungeon.
             The game lasted 00:06:46 (3041 turns).

xian the Gusty (Tengu Air Elementalist)             Turns: 3041, Time: 00:06:47

Health: -1/24      AC:  3    Str:  8    XL:     4   Next: 78%
Magic:  1/9        EV: 12    Int: 17    God:
Gold:   137        SH:  0    Dex: 15    Spells: 6/9 levels left

rFire   . . .      SeeInvis .   c - +0 short sword
rCold   . . .      Faith    +   (no shield)
rNeg    . . .      Spirit   .   i - +0 leather armour
rPois   .          Reflect  .   (helmet restricted)
rElec   .          Harm     .   (no cloak)
rCorr   .          Rampage  .   (no gloves)
Will    .....                   (boots unavailable)
Stlth   ++........              d - amulet of faith
HPRegen 0.08/turn               (no ring)
MPRegen 0.11/turn               (no ring)

@: mighty
A: beak, talons 3
a: no special abilities


You were on level 4 of the Dungeon.
You visited 1 branch of the dungeon, and saw 4 of its levels.

You collected 232 gold pieces.
You spent 95 gold pieces at shops.

Inventory:

Hand Weapons
 c - a +0 short sword (weapon)
Missiles
 a - 5 javelins
Armour
 i - a +0 leather armour (worn)
Jewellery
 d - an amulet of faith (around neck)
Wands
 l - a wand of polymorph (4)
Scrolls
 j - a scroll of butterflies
 m - 2 scrolls of teleportation
 n - a scroll of noise {unknown}
 o - a scroll of amnesia {unknown}
Potions
 b - a potion of magic
 e - a potion of might
 f - a potion of attraction
 g - 2 potions of flight
 k - 2 potions of haste {unknown}


   Skills:
 + Level 0.4 Armour
 + Level 2.4 Dodging
 + Level 2.0 Stealth
 + Level 0.1 Unarmed Combat
 + Level 3.0 Spellcasting
 + Level 2.8 Conjurations
 + Level 5.3 Air Magic


You had 6 spell levels left.
You knew the following spells:

 Your Spells              Type           Power      Damage    Failure   Level
a - Shock                 Conj/Air       64%        1d7       4%          1
b - Static Discharge      Conj/Air       16%        3-5/arc   7%          2

Your spell library contained the following spells:

 Spells                   Type           Power      Damage    Failure   Level
 Swiftness                Air            20%        N/A       9%          3
 Airstrike                Air            10%        2d(2-18)  28%         4


Dungeon Overview and Level Annotations

Branches:
Dungeon (4/15)
 Temple: D:4-7

Altars:

Shops:
D:2 (*[*


Innate Abilities, Weirdness & Mutations

You have a beak for a mouth.
You have claws for feet.


Message History

The lemure shouts!
You hear a shout!
The zap misses the lemure.
The zap hits the lemure.
The lemure is moderately wounded.
The zap hits the lemure.
The lemure is heavily wounded.
The zap hits the lemure.
The lemure is heavily wounded.
Casting: Shock (safe; 4% risk of failure)
Confirm with . or Enter, or press ? or * to list all spells.
The lemure is struck by an arc of lightning.
The lemure is severely wounded.
You are struck by an arc of lightning.
The lightning grounds out.
The lemure hits you!
Unknown command.
You completely miss the lemure.
The lemure is severely wounded.
The lemure barely misses you.
You hit the lemure but do no damage. Your kick misses the lemure.
Your punch misses the lemure.
The lemure is severely wounded.
The lemure hits you.
You closely miss the lemure. You claw the lemure.
The lemure is severely wounded.
You hear the slow rusting of a distant drain.
The lemure closely misses you.
A lemure comes into view.
Unknown command.
You closely miss the lemure.
The lemure shouts!
You claw the lemure, but do no damage. Your peck misses the lemure.
The lemure is severely wounded.
You hear a shout!
The lemure hits you.
* * * LOW HITPOINT WARNING * * *
You hear a shout!
It was a potion of might.
You feel very mighty all of a sudden. The lemure hits you!
You die...

... .... #...# ...
##...# .... ..#
#..<5. ... #.#
#.....## ..## #.#
#......###..# #.##
#..5@##..## #..###.
###...##..#####......
##...#..##........#
#.........####..##
##.....#### ...
##...## .. #...# .
##.## ..#


You could see 2 lemures.

Vanquished Creatures
  A lemure (D:4)
  Natasha (D:2)
  3 adders (D:2)
  A dart slug (D:3)
  4 ball pythons
  2 bats
  3 endoplasms
  A giant cockroach (D:2)
  4 goblins
  7 hobgoblins
  7 jackals (D:3)
  3 frilled lizards
  4 kobolds
  7 rats
48 creatures vanquished.

Notes
Turn   | Place    | Note
-------+----------+-------------------------------------------
     0 | D:1      | xian the Tengu Air Elementalist began the quest for the
                  | Orb.
     0 | D:1      | Reached XP level 1. HP: 10/10 MP: 4/4
   256 | D:1      | Reached XP level 2. HP: 15/15 MP: 3/6
   259 | D:1      | Learned a level 2 spell: Static Discharge
   970 | D:2      | Found Ucvif's Assorted Antiques.
   975 | D:2      | Bought a scroll labelled HESHIE ZIAMETI for 28 gold pieces
   975 | D:2      | Bought a ruby potion for 25 gold pieces
   990 | D:2      | Reached skill level 5 in Air Magic
   990 | D:2      | Reached XP level 3. HP: 11/19 MP: 0/7
   991 | D:2      | Found Gyetujesuce's Antique Weapon Emporium.
   993 | D:2      | Noticed Natasha
  1200 | D:2      | Found Temiuwoe's Armour Shoppe.
  1757 | D:2      | Found Wyked's Assorted Antiques.
  1765 | D:2      | Bought a scroll labelled JIPHUNL UNEEF for 21 gold pieces
  1765 | D:2      | Bought a scroll labelled QIEPTICACK for 21 gold pieces
  1845 | D:2      | Killed Natasha
  1846 | D:2      | Reached XP level 4. HP: 14/24 MP: 1/9
  2064 | D:2      | Found a faded altar of an unknown god.
  2948 | D:4      | Noticed a lemure
  2969 | D:4      | Killed a lemure
  3029 | D:4      | Noticed a lemure
  3039 | D:4      | Noticed a lemure
  3041 | D:4      | Slain by a lemure

Illustrated notes

Levels and vault maps discovered:
D:1:      lemuel_arrival_funnel, layout_loops_ring
D:2:      layout_loops_ring, serial_shops,
          nicolae_shop_temple_entry_statues_fountains, shop, shop_coins, shop,
          hellmonk_ecumenical_altar_arch_garden, uniq_natasha
D:3:      layout_basic
D:4:      layout_layer_cave, mainiacjoe_overflow_alcove_2,
          cheibrodos_sewer_entry_sluice, hangedman_feature_mirror, uniq_robin,
          uniq_ijyb, uniq_pikel

Skill      XL: |  1  2  3  4 |
---------------+-------------+-----
Air Magic      | 5 |  5.3
Conjurations   | 2 |  2.8
Spellcasting   | 3 |  3.0
Armour         | |  0.4
Dodging        | |  2.4
Stealth        | |  2.0
Unarmed Combat | |  0.1

Action                   |  1- 3 |  4- 6 || total
-------------------------+-------+-------++-------
Melee: Unarmed           |    26 |       ||    26
       Peck              |     7 |     1 ||     8
       Kick              |    10 |     3 ||    13
       Short sword       |       |     9 ||     9
 Cast: Shock             |    49 |    51 ||   100
       Static Discharge  |       |     3 ||     3
  Use: Scroll            |     3 |     4 ||     7
       Potion            |       |     1 ||     1
 Stab: Sleeping          |     1 |       ||     1
Armor: Robe              |     1 |       ||     1
       Leather armour    |     8 |     3 ||    11
Dodge: Dodged            |    26 |    20 ||    46
